 Dungeon Crawl Stone Soup version 0.28.0-53-g5a82cb258f (webtiles) character file.

Game seed: 8111902024517392730

279 Descartes the Charlatan (level 6, 0/32 HPs)
             Began as a Deep Elf Wanderer on June 6, 2022.
             Slain by a black bear (7 damage)
             ... on level 4 of the Dungeon.
             The game lasted 00:15:54 (4989 turns).

Descartes the Charlatan (Deep Elf Wanderer)         Turns: 4989, Time: 00:15:54

Health: 0/32       AC:  2    Str: 16    XL:     6   Next: 5%
Magic:  12/13      EV: 12    Int: 19    God:
Gold:   77         SH:  3    Dex: 13    Spells: 5/11 levels left

rFire   + . .      SeeInvis .   u - +1 dagger (speed)
rCold   . . .      Faith    .   q - +0 buckler
rNeg    . . .      Spirit   .   b - +0 robe
rPois   .          Reflect  .   (no helmet)
rElec   .          Harm     .   (no cloak)
rCorr   .          Rampage  .   (no gloves)
Will    .....                   (no boots)
Stlth   ++........              (no amulet)
HPRegen 0.10/turn               f - +6 ring of strength
MPRegen 0.13/turn               m - ring of protection from fire

@: no status effects
A: no striking features
a: no special abilities


You were on level 4 of the Dungeon.
You visited 1 branch of the dungeon, and saw 4 of its levels.

You collected 77 gold pieces.

Inventory:

Hand Weapons
 a - a +0 dagger
 u - a +1 dagger of speed (weapon)
Missiles
 n - 10 poisoned darts
Armour
 b - a +0 robe (worn)
 q - a +0 buckler (worn)
Magical Staves
 t - a staff of cold
Jewellery
 f - a +6 ring of strength (left hand)
 m - a ring of protection from fire (right hand)
 p - a ring of positive energy
Scrolls
 d - a scroll of enchant armour {unknown}
 e - a scroll of amnesia {unknown}
 i - 3 scrolls of teleportation {unknown}
 j - a scroll of identify {unknown}
 k - 2 scrolls of enchant weapon {unknown}
 o - a scroll of brand weapon {unknown}
 v - a scroll of fear {unknown}
Potions
 g - a potion of lignification {unknown}
 h - 3 potions of curing {unknown}
 l - a potion of heal wounds {unknown}
 r - a potion of degeneration {unknown}
 s - 2 potions of flight {unknown}
Miscellaneous
 c - a piece from Xom's chessboard (15/15) (quivered)


   Skills:
 + Level 0.3 Staves
 + Level 2.2 Dodging
 + Level 2.3 Stealth
 + Level 0.1 Shields
 + Level 3.3 Spellcasting
 + Level 1.3 Conjurations
 + Level 4.0 Hexes
 + Level 4.2 Summonings
 + Level 1.3 Translocations
 + Level 5.0 Evocations


You had 5 spell levels left.
You knew the following spells:

 Your Spells              Type           Power      Damage    Failure   Level
a - Summon Small Mammal   Summ           76%        N/A       3%          1
b - Call Imp              Summ           19%        N/A       5%          2
c - Summon Guardian Gole  Hex/Summ       18%        N/A       11%         3

Your spell library contained the following spells:

 Spells                   Type           Power      Damage    Failure   Level
 Slow                     Hex            72%        N/A       3%          1
 Magic Dart               Conj           32%        1d4       12%         1
 Searing Ray              Conj           16%        2d5       17%         2
 Portal Projectile        Hex/Tloc       26%        N/A       21%         3
 Gell's Gravitas          Tloc           8%         N/A       34%         3
 Lesser Beckoning         Tloc           8%         N/A       34%         3
 Teleport Other           Tloc           8%         N/A       34%         3
 Fulminant Prism          Conj/Hex       6%         3d7       54%         4


Dungeon Overview and Level Annotations

Branches:
Dungeon (4/15)
 Temple: D:4-7

Altars:
Ashenzari
Dithmenos
Hepliaklqana
Nemelex Xobeh
Okawaru
Qazlal
Ru
Uskayaw
Vehumet
Xom
The Shining One


Message History

* * * LOW HITPOINT WARNING * * *
The black bear claws you.
* * * LOW HITPOINT WARNING * * *
Your bat hits the black bear but does no damage.
The giant cockroach bites your bat.
Your shadow imp hits the black bear but does no damage.
The black bear barely misses you. The black bear claws you.
* * * LOW HITPOINT WARNING * * *
The black bear completely misses you.
The giant cockroach closely misses your bat.
Your shadow imp closely misses the black bear.
The giant cockroach closely misses your shadow imp.
Your bat closely misses the black bear.
Your bat barely misses the black bear.
Things that are here:
a +0 halberd; a gnoll skeleton
Things that are here:
a +0 halberd; a gnoll corpse You see here a dart slug corpse.
Your shadow imp hits the black bear.
Casting: Call Imp (safe; 5% risk of failure)
Confirm with . or Enter, or press ? or * to list all spells.
The black bear barely misses your quokka.
The black bear claws your quokka. x2
The black bear barely misses your quokka.
The black bear claws your quokka. x2
Your quokka dies!
Your quokka's corpse disappears in a puff of smoke!
Your shadow imp completely misses the black bear.
Your shadow imp gestures at the black bear.
The black bear writhes in agony!
Casting: Summon Small Mammal (safe; 3% risk of failure)
Confirm with . or Enter, or press ? or * to list all spells.
Your quokka barely misses the black bear.
The black bear goes berserk!
Your quokka bites the black bear but does no damage.
The black bear bites you but does no damage.
You block the black bear's attack. The black bear claws you.
* * * LOW HITPOINT WARNING * * *
The black bear bites you!
You die...

##################
#.@............#.#
#h############.#.## #.#
#.#... #r############.#.##
########5..r..............
#........>................
##'###############.###.####
#...........# #.# #.....
#....)......# #.# ######


You could see a black bear (berserk, ally target), a friendly shadow imp
(summoned) and a friendly quokka (summoned).

Vanquished Creatures
  An adder (D:2)
  An orc (D:3)
  An endoplasm (D:3)
  A giant cockroach (D:3)
  A goblin (D:1)
  A ball python (D:2)
  A rat (D:2)
7 creatures vanquished.

Vanquished Creatures (collateral kills)
  A necrophage (D:2)
  5 adders
  2 gnolls (D:4)
  2 worms (D:2)
  3 dart slugs
  3 orcs
  9 ball pythons
  6 bats (D:1)
  8 endoplasms
  10 goblins
  6 hobgoblins
  6 jackals
  A quokka (D:3)
  5 frilled lizards
  6 kobolds
  5 rats
78 creatures vanquished.

Vanquished Creatures (others)
  A gnoll (D:4)
1 creature vanquished.

Grand Total: 86 creatures vanquished

Notes
Turn   | Place    | Note
-------+----------+-------------------------------------------
     0 | D:1      | Descartes the Deep Elf Wanderer began the quest for the
                  | Orb.
     0 | D:1      | Descartes set off with the following items: a +0 dagger, a
                  | +0 robe, a piece from Xom's chessboard (15/15); and the
                  | following spells available to memorise: Summon Small
                  | Mammal, Slow, Call Imp, Summon Guardian Golem, Portal
                  | Projectile
     0 | D:1      | Reached XP level 1. HP: 10/10 MP: 5/5
     2 | D:1      | Learned a level 1 spell: Summon Small Mammal
   318 | D:1      | Reached XP level 2. HP: 8/15 MP: 2/7
   627 | D:1      | Learned a level 2 spell: Call Imp
  1072 | D:1      | Reached XP level 3. HP: 19/19 MP: 1/8
  1448 | D:1      | Found a faded altar of an unknown god.
  1752 | D:2      | Reached skill level 1 in Dodging
  1752 | D:2      | Reached skill level 1 in Stealth
  1923 | D:2      | Learned a level 3 spell: Summon Guardian Golem
  2111 | D:2      | Reached XP level 4. HP: 19/24 MP: 3/9
  2433 | D:2      | Noticed a necrophage
  2520 | D:2      | Killed a necrophage
  2521 | D:2      | Reached XP level 5. HP: 27/28 MP: 2/11
  2612 | D:2      | Reached skill level 1 in Conjurations
  2612 | D:2      | Reached skill level 1 in Translocations
  3122 | D:3      | Reached skill level 5 in Evocations
  4152 | D:3      | Found a hazy altar of Hepliaklqana.
  4153 | D:3      | Found a shimmering altar of Xom.
  4176 | D:3      | Found a sparkling altar of Nemelex Xobeh.
  4176 | D:3      | Found a radiant altar of Vehumet.
  4176 | D:3      | Found a sacrificial altar of Ru.
  4177 | D:3      | Found a stormy altar of Qazlal.
  4177 | D:3      | Found an iron altar of Okawaru.
  4178 | D:3      | Found a broken altar of Ashenzari.
  4179 | D:3      | Found a hide-covered altar of Uskayaw.
  4180 | D:3      | Found a glowing golden altar of the Shining One.
  4182 | D:3      | Found a shadowy altar of Dithmenos.
  4754 | D:4      | Reached XP level 6. HP: 32/32 MP: 1/13
  4989 | D:4      | Slain by a black bear

Illustrated notes

Levels and vault maps discovered:
D:1:      erik_arrival_cave_to_civilisation [erik_arrival_cave_to_hall],
          layout_basic, dilly_ecumenical_altar_fadedgnrine,
          minmay_tiny_reverse_x
D:2:      layout_loops_ring
D:3:      layout_basic, minitemple, hangedman_abyss_or_decor_lesser_grid
D:4:      layout_basic, uniq_grinder

Skill      XL: |  1  2  3  4  5 |
---------------+----------------+-----
Spellcasting   | 2 3 |  3.3
Hexes          | 3 4 |  4.0
Dodging        | 1 2 |  2.2
Stealth        | 1 2 |  2.3
Summonings     | 4 |  4.2
Conjurations   | 1 |  1.3
Translocations | 1 |  1.3
Evocations     | 5 |  5.0
Staves         | |  0.3
Shields        | |  0.1

Action                   |  1- 3 |  4- 6 || total
-------------------------+-------+-------++-------
Melee: Dagger            |    19 |    20 ||    39
 Cast: Summon Small Mamm |    65 |    89 ||   154
       Call Imp          |    19 |    29 ||    48
       Summon Guardian G |     2 |     8 ||    10
 Stab: Distracted        |     1 |       ||     1
Armor: Robe              |    10 |     7 ||    17
Dodge: Dodged            |    38 |    29 ||    67
Block: Buckler           |       |     4 ||     4
